 Seeded DCSS version 0.29.1-13-g9f3cf754e1 (webtiles) character file.

Game seed: 10601587644653659560 (custom seed)

113572 tkbsonic5 the Severer (level 16, 0/149 HPs)
             Began as a Hill Orc Abyssal Knight on Jan 28, 2023.
             Was an Elder of Lugonu.
             Slain by a +0 great sword of flaming (23 damage)
             ... on level 13 of the Dungeon on Feb 11, 2023.
             The game lasted 02:26:11 (29558 turns).

tkbsonic5 the Severer (Hill Orc Abyssal Knight)    Turns: 29558, Time: 02:26:12

Health: 0/149      AC: 25    Str: 23 (24) XL:     16   Next: 28%
Magic:  19/26      EV: 13    Int: 10      God:    Lugonu [****..]
Gold:   559        SH:  0    Dex: 11      Spells: 13/15 levels left

rFire   + . .      SeeInvis .   i - +8 frozen axe "Frostbite" {freezing cloud, *Noise Fly rC+, Pollock}
rCold   + . .      Faith    +   (shield currently unavailable)
rNeg    . . .      Spirit   .   E - +6 plate armour {rF+}
rPois   .          Reflect  .   C - +2 helmet
rElec   .          Harm     .   d - scarf {repulsion}
rCorr   .          Rampage  .   (no gloves)
Will    ++...                   h - +0 pair of boots
Stlth   ..........              q - amulet of faith
HPRegen 0.34/turn               B - ring of willpower
MPRegen 0.20/turn               w - +4 ring of evasion

@: flying, glowing, repel missiles
A: hooves 1, deterioration 1, mutation resistance 1
}: 1/15 runes: decaying
a: Renounce Religion, Depart the Abyss, Bend Space, Banish, Corrupt


You were on level 13 of the Dungeon.
You worshipped Lugonu.
Lugonu was greatly pleased with you.
You visited 5 branches of the dungeon, and saw 25 of its levels.
You visited the Abyss 1 time.

You collected 2319 gold pieces.
You spent 1760 gold pieces at shops.

Inventory:

Hand Weapons
 i - the +8 frozen axe "Frostbite" (weapon) {freezing cloud, *Noise Fly rC+, Pollock}
   (You found it on level 2 of the Dungeon)

   It freezes those it strikes, dealing additional cold damage.
   It can also slow down cold-blooded creatures.
   It occasionally leaves clouds of freezing vapour upon striking a foe.
   It grants immunity to clouds of freezing vapour.
   rC:        It protects you from cold.
   Fly:       It grants you flight.
   *Noise:    It may make noises in combat.
 x - a +3 sling of venom {Abysswalker Kefl}
 y - the +8 whip of Vibruoff {vamp, rPois rN+ SInv}
   (You found it on level 7 of the Dungeon)

   It occasionally heals its wielder for a portion of the damage dealt when it
   wounds a living foe.
   rPois:     It protects you from poison.
   rN:        It protects you from negative energy.
   SInv:      It lets you see invisible.
 S - the +8 quick blade of Disarray {drain, rF- Will+ Str+2 Dex+3}
   (You found it on level 5 of the Lair of Beasts)

   A truly terrible weapon, it drains the life of any living foe it strikes.
   Str:       It affects your strength (+2).
   Dex:       It affects your dexterity (+3).
   rF:        It makes you vulnerable to fire.
   Will:      It increases your willpower.
Missiles
 e - 2 silver javelins (quivered)
 n - 9 boomerangs
Armour
 d - a scarf of repulsion (worn)
 g - a +0 plate armour
 h - a +0 pair of boots (worn)
 r - a +2 cloak
 v - a +3 chain mail of cold resistance
 C - a +2 helmet (worn)
 E - a +6 plate armour of fire resistance (worn)
 H - +0 acid dragon scales
 Q - an orb of guile
 R - +0 swamp dragon scales
Jewellery
 c - an amulet of guardian spirit
 f - a ring of positive energy
 j - an amulet of reflection
 m - a ring of see invisible
 o - a ring of flight
 q - an amulet of faith (around neck)
 w - a +4 ring of evasion (right hand)
 A - a ring of magical power
 B - a ring of willpower (left hand)
 K - a +6 ring of dexterity
 M - a ring of protection from fire
 U - a +6 ring of dexterity
Wands
 J - a wand of digging (5)
 P - a wand of polymorph (6)
Scrolls
 k - 5 scrolls of teleportation
 l - 2 scrolls of fog
 u - 11 scrolls of identify
 z - 5 scrolls of amnesia
 F - a scroll of silence
 G - 2 scrolls of immolation
 N - a scroll of brand weapon
 O - a scroll of magic mapping
Potions
 a - 4 potions of ambrosia
 b - 3 potions of curing
 p - a potion of cancellation
 t - 5 potions of brilliance
 I - 2 potions of flight
 L - 2 potions of magic
Miscellaneous
 s - a condenser vane
 D - a phantom mirror


   Skills:
 * Level 15.2 Fighting
 + Level 5.1 Short Blades
 * Level 19.6(20.3) Axes
 - Level 7.4(13.1) Maces & Flails
 + Level 2.3 Ranged Weapons
 * Level 7.8 Throwing
 + Level 10.9 Armour
 * Level 6.4 Dodging
 * Level 13.5 Invocations
 - Level 6.8 Evocations


You had 13 spell levels left.
You knew the following spells:

 Your Spells              Type           Power      Damage    Failure   Level
a - Wereblood             Tmut           0%         N/A       100%        2

Your spell library contained the following spells:

 Spells                   Type           Power      Damage    Failure   Level
 Blink                    Tloc           0%         N/A       100%        2
 Sublimation of Blood     Necr           0%         N/A       100%        2
 Gell's Gravitas          Tloc           0%         N/A       100%        3
 Lesser Beckoning         Tloc           0%         N/A       100%        3
 Teleport Other           Tloc           0%         N/A       100%        3
 Tukima's Dance           Hex            0%         N/A       100%        3
 Airstrike                Air            0%         2d(0-16)  100%        4
 Passage of Golubria      Tloc           0%         N/A       100%        4
 Summon Lightning Spire   Summ/Air       0%         N/A       100%        4
 Fireball                 Conj/Fire      0%         3d3       100%        5
 Lightning Bolt           Conj/Air       0%         1d11      100%        5
 Manifold Assault         Tloc           0%         N/A       100%        5
 Silence                  Hex/Air        0%         N/A       100%        5
 Summon Forest            Summ/Tloc      0%         N/A       100%        5
 Summon Mana Viper        Hex/Summ       0%         N/A       100%        5
 Yara's Violent Unravell  Hex/Tmut       0%         3d3       100%        5
 Starburst                Conj/Fire      0%         6d3       100%        6
 Summon Cactus Giant      Summ           0%         N/A       100%        6
 Storm Form               Tmut/Air       0%         N/A       100%        7
 Summon Hydra             Summ           0%         N/A       100%        7
 Ignition                 Fire           0%         3d3       100%        8
 Lehudib's Crystal Spear  Conj/Erth      0%         10d2      100%        8
 Maxwell's Capacitive Co  Air            0%         ∞         100%        8


Dungeon Overview and Level Annotations

Branches:
Dungeon (13/15)            Temple (0/1) D:4            Lair (5/5) D:10
  Swamp (4/4) Lair:2        Snake (1/4) Lair:3        Slime (0/5) Lair:5
    Orc (2/2) D:9             Elf (0/3) Orc:2
 Vaults: D:13-14

Altars:
Cheibriados
Dithmenos
Hepliaklqana
Makhleb
Nemelex Xobeh
Okawaru
Ru
Uskayaw
Yredelemnul
Zin
Jiyva
Lugonu

Shops:
Orc:2 !**?[

Portals:
Abyss: Lair:5

Annotations:
D:8 exclusion: orange crystal statue
D:11 3 runed translucent doors, SirLogeyBear's ghost, journeyman HOBe
D:13 corrupted
Lair:4 3 runed translucent doors, Exagres's ghost, journeyman DgIE
Swamp:1 corrupted
Swamp:3 corrupted
Swamp:4 corrupted
Orc:2 corrupted
Abyss:1 Agnes; Erica; Josephine; Nergalle


Innate Abilities, Weirdness & Mutations

You have large cloven feet.
Your body sometimes deteriorates upon taking damage.
You are somewhat resistant to further mutation.


Message History

The arrow closely misses you.
The cherub shoots a sling bullet.
The sling bullet hits you!
The cherub shoots an arrow.
The arrow closely misses you.
You slash the +0 great sword of flaming!
You freeze the +0 great sword of flaming.
The +0 great sword of flaming is heavily damaged.
You hit the plant.
The plant begins to die.
You freeze the plant.
The +0 great sword of flaming hits you!!
The +0 great sword of flaming burns you.
The cherub shoots an arrow.
The arrow barely misses you.
You barely miss the +0 great sword of flaming.
You hear ice creaking.
The +0 great sword of flaming is moderately damaged.
You slash the plant! You freeze the plant!
The +0 great sword of flaming hits you!!
Your body deteriorates!
You feel weakened.
The +0 great sword of flaming burns you.
The cherub shoots an arrow.
The arrow hits you but does no damage.
You are too injured to fight recklessly!
Unknown command.
Okay, then.
Okay, then.
Okay, then.
Press: ? - help, Shift-Dir - straight line, f - +0 great sword of flaming, p - cherub
Aim: a +0 great sword of flaming (moderately damaged, haloed, infinite will)
Okay, then.
Okay, then.
Space bends violently around you!
You blink.
The +0 great sword of flaming hits you!
The +0 great sword of flaming burns you.
The +0 great sword of flaming hits you!!
* * * LOW HITPOINT WARNING * * *
The +0 great sword of flaming burns you.
* * * LOW HITPOINT WARNING * * *
Activating: Corrupt (1% risk of failure)
Press: ? - help, Dir - look around, f - activate Lugonu's Hand of Corruption reaches out!
You can no longer gate yourself to the Abyss.
The +0 great sword of flaming hits you!!
You die...

#. #..# ....
#..####..####.......
#.........<....#.x..
#...................
..####..####...h...
#..# .5x3... ##(.#
..3#...
.##....####.....#.
........xA(@..5...#
........qA##.#..##P
######.##..A3## #
#..A3.# ####..P#
(..# P.... #...P#
#P##


You could see 2 cherubim, a +0 great sword of flaming, a neutral purple
draconian shifter (summoned, distracted), a neutral sun demon (summoned,
distracted), a neutral worldbinder (summoned, distracted), 2 neutral smoke
demons, a neutral raiju (summoned, distracted), a neutral ynoxinul (summoned,
distracted), 2 neutral small abominations, a neutral quasit (summoned,
distracted) and a neutral ufetubus (summoned, distracted).

Vanquished Creatures
  A thorn hunter (Swamp:4)
  2 eleionomae
  A bunyip (Swamp:4)
  10 hydras
  3 boulder beetles
  2 anacondas
  2 catoblepae
  A centaur warrior (D:12)
  9 alligators
  2 two-headed ogres (D:12)
  A naga warrior (Snake:1)
  4 death yaks (Lair:5)
  3 orc high priests (Orc:2)
  A naga sharpshooter (Snake:1)
  2 thrashing horrors (Lair:5)
  2 spriggan druids (Swamp:4)
  9 swamp dragons
  4 bog bodies
  Pikel (D:9)
  3 orc knights
  3 cyclopes
  A mana viper (Snake:1)
  2 ugly things
  3 orc sorcerers (Orc:2)
  2 salamanders (Snake:1)
  A will-o-the-wisp (Swamp:4)
  2 manticores
  23 elephants
  10 black mambas
  A smoke demon (Lair:5)
  A gargoyle (D:10)
  10 cane toads
  An unseen horror (D:11)
  Maggie (D:7)
  9 komodo dragons
  3 rime drakes
  2 ancient zymes (Lair:5)
  A meliai (shapeshifter) (Lair:5)
  A queen bee (shapeshifter) (Lair:5)
  A troll (D:11)
  6 tyrant leeches
  5 hornets
  A bloated husk (Swamp:3)
  3 polar bears
  6 slime creatures (D:13)
  10 blink frogs (Lair:5)
  Sigmund (D:5)
  4 wyverns
  5 spriggans
  A vampire (D:12)
  6 wraiths (D:11)
  A steam dragon (D:6)
  35 yaks
  7 small abominations (Lair:5)
  4 basilisks
  10 nagas
  3 chaos spawn (Lair:5)
  A warg (Orc:1)
  3 large abominations (Lair:5)
  11 swamp worms
  24 water moccasins
  3 acid dragons
  5 swamp drakes (Swamp:4)
  14 orc warriors
  2 black bears
  2 sky beasts
  An ice beast (D:6)
  4 ogres
  3 centaurs
  A tengu (D:6)
  29 wolves
  A lemure (D:9)
  A kobold brigand (D:7)
  6 bullfrogs
  3 necrophages (D:6)
  3 scorpions
  7 wights
  5 electric eels
  7 howler monkeys
  A crimson imp (D:6)
  4 lava snakes
  3 jellies
  2 gnoll boudas
  9 orc priests
  3 hounds
  Ijyb (D:3)
  Natasha (D:4)
  2 iguanas
  21 orc wizards
  16 gnolls
  12 adders
  A white imp (D:7)
  4 ufetubi
  3 worms
  83 orcs
  9 endoplasms
  4 giant cockroaches
  7 goblins
  9 hobgoblins
  4 quokkas
  7 ball pythons
  4 bats
  3 frilled lizards
  12 kobolds
  2 rats
  3 briar patches (Swamp:4)
615 creatures vanquished.

Vanquished Creatures (collateral kills)
  A swamp dragon (Swamp:1)
  An orc sorcerer (Orc:2)
  2 hornets (Swamp:1)
  3 spriggans (Swamp:1)
  2 starspawn tentacles (Swamp:1)
9 creatures vanquished.

Vanquished Creatures (others)
  A thorn hunter (Swamp:1)
  2 fenstrider witches
  2 eleionomae (Swamp:4)
  6 hydras
  A ghost crab (Swamp:1)
  5 alligators
  A spriggan berserker (Swamp:4)
  2 goliath frogs
  2 swamp dragons
  3 bog bodies
  An orc knight (Orc:2)
  An orc sorcerer (Orc:2)
  A cyclops (Orc:2)
  2 will-o-the-wisps (Swamp:1)
  An unseen horror (D:12)
  2 trolls (Orc:2)
  2 tyrant leeches (Swamp:1)
  4 bloated husks
  2 hornets (Swamp:1)
  A spriggan (Swamp:1)
  3 wargs (Orc:2)
  3 swamp worms
  3 swamp drakes
  10 orc warriors (Orc:2)
  An ogre (Orc:2)
  6 wolves (Orc:2)
  A gnoll sergeant (Orc:2)
  4 orc priests (Orc:2)
  2 orc wizards (Orc:2)
  4 gnolls (Orc:2)
  11 orcs (Orc:2)
  A goblin (Orc:2)
  2 briar patches
  21 foxfires
  19 fungi
  47 plants
  20 starspawn tentacles
200 creatures vanquished.

Grand Total: 824 creatures vanquished

Notes
Turn   | Place    | Note
-------+----------+-------------------------------------------
     0 | Abyss:1  | tkbsonic5 the Hill Orc Abyssal Knight began the quest for
                  | the Orb.
     0 | Abyss:1  | Reached XP level 1. HP: 19/19 MP: 2/2
    12 | Abyss:1  | Found a corrupted altar of Lugonu.
    46 | Abyss:1  | Noticed a small abomination
    47 | D:1      | Escaped the Abyss
   424 | D:2      | Reached XP level 2. HP: 27/27 MP: 4/4
   481 | D:2      | Reached skill level 3 in Axes
   778 | D:2      | Found the +8 frozen axe "Frostbite" {freezing cloud, *Noise
                  | Fly rC+}
   800 | D:2      | Reached ** piety under Lugonu
   801 | D:2      | Reached skill level 1 in Dodging
   821 | D:2      | Reached XP level 3. HP: 11/33 MP: 5/5
  1577 | D:1      | Found a faded altar of an unknown god.
  1778 | D:1      | Reached XP level 4. HP: 40/40 MP: 6/6
  1787 | D:1      | Reached skill level 4 in Axes
  2058 | D:3      | Found a hide-covered altar of Uskayaw.
  2061 | D:3      | Noticed a +0 hand axe
  2061 | D:3      | Noticed a +0 dagger
  2302 | D:3      | Reached XP level 5. HP: 47/47 MP: 7/7
  2341 | D:3      | Noticed a water moccasin
  2345 | D:3      | Killed a water moccasin
  2346 | D:3      | Reached skill level 5 in Axes
  2346 | D:3      | Reached skill level 1 in Throwing
  2346 | D:3      | Reached XP level 6. HP: 34/55 MP: 7/9
  2629 | D:3      | Noticed Ijyb
  2636 | D:3      | Killed Ijyb
  2890 | D:4      | Reached skill level 5 in Fighting
  2924 | D:4      | Found a staircase to the Ecumenical Temple.
  2957 | D:4      | Reached *** piety under Lugonu
  2989 | D:4      | Reached skill level 6 in Axes
  3399 | D:4      | Reached XP level 7. HP: 61/61 MP: 10/10
  3705 | D:4      | Noticed Natasha
  3707 | D:4      | Killed Natasha
  3792 | D:4      | Reached skill level 7 in Axes
  3845 | D:5      | Entered Level 5 of the Dungeon
  3850 | D:5      | Noticed Sigmund
  3859 | D:5      | Killed Sigmund
  3860 | D:5      | Reached skill level 8 in Axes
  3865 | D:5      | Reached XP level 8. HP: 44/71 MP: 11/11
  4235 | D:5      | Reached skill level 9 in Axes
  4307 | D:5      | Reached **** piety under Lugonu
  4695 | D:5      | Found a sparkling altar of Nemelex Xobeh.
  4899 | D:6      | Reached skill level 10 in Axes
  4981 | D:6      | Reached skill level 11 in Axes
  4981 | D:6      | Reached XP level 9. HP: 54/81 MP: 12/12
  5433 | D:6      | Found a hazy altar of Hepliaklqana.
  5539 | D:6      | Reached skill level 12 in Axes
  5675 | D:7      | Noticed Maggie
  5680 | D:7      | Killed Maggie
  5683 | D:7      | Identified the +8 whip of Vibruoff {vamp, rPois rN+ SInv}
  5788 | D:7      | Reached skill level 1 in Maces & Flails
  5852 | D:7      | Reached skill level 1 in Evocations
  6533 | D:7      | Found a shadowy altar of Dithmenos.
  6569 | D:7      | Reached skill level 5 in Invocations
  6669 | D:7      | Reached skill level 13 in Axes
  6669 | D:7      | Reached XP level 10. HP: 91/91 MP: 13/13
  6729 | D:7      | Gained mutation: Your body sometimes deteriorates upon
                  | taking damage. [potion of mutation]
  6729 | D:7      | Gained mutation: You have large cloven feet. [potion of
                  | mutation]
  6729 | D:7      | Gained mutation: You are somewhat resistant to further
                  | mutation. [potion of mutation]
  6837 | D:7      | Found a sacrificial altar of Ru.
  6884 | D:7      | Found an iron altar of Okawaru.
  7095 | D:8      | Noticed an orange crystal statue
  7287 | D:8      | Found a basalt altar of Yredelemnul.
  7287 | D:8      | Found a burning altar of Makhleb.
  7332 | D:8      | Noticed Erica
  7334 | D:8      | Banished Erica
  7522 | D:8      | Reached ***** piety under Lugonu
  8024 | D:9      | Noticed Pikel
  8037 | D:9      | Killed Pikel
  8103 | D:9      | Found a snail-covered altar of Cheibriados.
  8389 | D:9      | Found a staircase to the Orcish Mines.
  8985 | D:10     | Entered Level 10 of the Dungeon
  9046 | D:10     | Found a staircase to the Lair.
  9123 | D:10     | Noticed a gargoyle
  9130 | D:10     | Killed a gargoyle
  9131 | D:10     | Reached skill level 10 in Fighting
  9131 | D:10     | Reached skill level 14 in Axes
  9531 | D:10     | Noticed a white ugly thing
  9539 | D:10     | Killed a white ugly thing
  9540 | D:10     | Reached XP level 11. HP: 82/99 MP: 15/15
  9754 | D:10     | Found a glowing silver altar of Zin.
  9878 | D:11     | Reached skill level 5 in Armour
  9914 | D:11     | Noticed a manticore
  9916 | D:11     | Identified a scroll of acquirement
  9917 | D:11     | Acquired a ring of see invisible
  9920 | D:11     | Noticed a cyclops
  9923 | D:11     | Killed a manticore
  9930 | D:11     | Killed a cyclops
 10031 | D:11     | Noticed Josephine
 10032 | D:11     | Banished Josephine
 10085 | D:11     | Found a runed translucent gate.
 10085 | D:11     | Found a runed translucent gate.
 10086 | D:11     | Found a runed translucent gate.
 10088 | D:11     | Noticed SirLogeyBear's ghost (journeyman HOBe)
 10642 | Lair:1   | Entered Level 1 of the Lair of Beasts
 10680 | D:10     | Reached skill level 15 in Axes
 10939 | D:10     | Reached skill level 5 in Maces & Flails
 11336 | Lair:1   | Reached XP level 12. HP: 110/110 MP: 18/18
 11524 | Lair:1   | Noticed Nergalle
 11532 | Lair:1   | Banished Nergalle
 11696 | Lair:1   | Noticed a catoblepas
 11709 | Lair:1   | Killed a catoblepas
 12622 | Lair:2   | Reached skill level 16 in Axes
 12754 | Lair:2   | Found a staircase to the Swamp.
 12967 | Lair:2   | Reached skill level 5 in Throwing
 13865 | Lair:3   | Found a staircase to the Snake Pit.
 14106 | Lair:3   | Reached ****** piety under Lugonu
 14139 | Lair:3   | Reached XP level 13. HP: 118/118 MP: 20/20
 14649 | Lair:4   | Reached skill level 17 in Axes
 14967 | Lair:4   | Found a runed translucent gate.
 14971 | Lair:4   | Found a runed translucent gate.
 15022 | Lair:4   | Acquired a +6 ring of dexterity
 15072 | Lair:4   | Reached skill level 10 in Invocations
 15414 | Lair:4   | Found a runed translucent gate.
 15414 | Lair:4   | Noticed Exagres's ghost (journeyman DgIE)
 15418 | Lair:4   | Noticed a minotaur
 15594 | Lair:5   | Entered Level 5 of the Lair of Beasts
 16432 | Lair:5   | Reached skill level 18 in Axes
 16437 | Lair:5   | Reached XP level 14. HP: 100/129 MP: 22/22
 16614 | Lair:5   | Reached skill level 5 in Evocations
 16959 | Lair:5   | Found a viscous altar of Jiyva.
 16959 | Lair:5   | Found a staircase to the Slime Pits.
 17645 | Lair:5   | Found a corrupted altar of Lugonu.
 17645 | Lair:5   | Found a one-way gate to the infinite horrors of the Abyss.
 17653 | Lair:5   | Identified the +8 quick blade of Disarray {drain, rF- Will+
                  | Str+2 Dex+3}
 17909 | Orc:1    | Entered Level 1 of the Orcish Mines
 18388 | Orc:2    | Entered Level 2 of the Orcish Mines
 18388 | Orc:2    | Found a staircase to the Elven Halls.
 18412 | Orc:2    | Corrupted Orc:2
 18412 | Orc:2    | Noticed a revenant
 18412 | Orc:2    | Noticed a tentacled starspawn
 18413 | Orc:2    | Noticed a deep elf elementalist
 18415 | Orc:2    | Noticed a starcursed mass
 18418 | Orc:2    | Noticed a bone dragon
 18424 | Orc:2    | Noticed a starcursed mass
 18428 | Orc:2    | Noticed a white very ugly thing
 18428 | Orc:2    | Noticed a brown very ugly thing
 18434 | Orc:2    | Noticed a starcursed mass
 18441 | Orc:2    | Noticed a brown very ugly thing
 18441 | Orc:2    | Noticed a cyan very ugly thing
 18444 | Orc:2    | Found Nizun's Antique Armour Emporium.
 18444 | Orc:2    | Noticed an ironbound thunderhulk
 18459 | Orc:2    | Noticed an ironbound thunderhulk
 18459 | Orc:2    | Noticed an ironbound thunderhulk
 18459 | Orc:2    | Noticed an ironbound thunderhulk
 19282 | Orc:2    | Bought a shiny plate armour for 598 gold pieces
 19770 | Orc:2    | Found Jeor's Magic Scroll Shoppe.
 19770 | Orc:2    | Found Leytud's Assorted Antiques.
 19771 | Orc:2    | Found Bolo's Assorted Antiques.
 19771 | Orc:2    | Found Maes's Distillery.
 19780 | Orc:2    | Bought a scroll labelled DAESE KIGRIASS for 29 gold pieces
 19780 | Orc:2    | Bought a scroll of teleportation for 87 gold pieces
 19780 | Orc:2    | Bought a scroll labelled CUPIURU HUJYAT for 29 gold pieces
 19780 | Orc:2    | Bought a potion of curing for 87 gold pieces
 19780 | Orc:2    | Bought a potion of curing for 87 gold pieces
 19784 | Orc:2    | Bought a scroll of fear for 72 gold pieces
 19784 | Orc:2    | Bought a scroll of enchant armour for 135 gold pieces
 19784 | Orc:2    | Bought a scroll of summoning for 171 gold pieces
 19794 | Orc:2    | Bought a potion of curing for 33 gold pieces
 19794 | Orc:2    | Bought a potion of might for 44 gold pieces
 19794 | Orc:2    | Bought 2 potions of invisibility for 176 gold pieces
 19794 | Orc:2    | Bought a potion of heal wounds for 55 gold pieces
 19796 | Orc:2    | Bought a scroll of enchant weapon for 157 gold pieces
 20196 | Swamp:1  | Entered Level 1 of the Swamp
 20290 | Swamp:1  | Corrupted Swamp:1
 20290 | Swamp:1  | Noticed a tentacled starspawn
 20290 | Swamp:1  | Noticed a tentacled starspawn
 20290 | Swamp:1  | Noticed a starcursed mass
 20290 | Swamp:1  | Noticed a purple very ugly thing
 20291 | Swamp:1  | Noticed a bone dragon
 20307 | Swamp:1  | Noticed a purple very ugly thing
 20330 | Swamp:1  | Killed a thorn hunter
 20967 | Swamp:2  | Reached skill level 5 in Dodging
 21244 | Swamp:2  | Reached skill level 1 in Short Blades
 21244 | Swamp:2  | Reached skill level 19 in Axes
 21259 | Swamp:2  | Noticed an eleionoma
 21292 | Swamp:2  | Killed an eleionoma
 21738 | Swamp:2  | Reached XP level 15. HP: 66/137 MP: 17/23
 22645 | Swamp:3  | Noticed a fenstrider witch
 22646 | Swamp:3  | Corrupted Swamp:3
 22648 | Swamp:3  | Noticed a tentacled starspawn
 22651 | Swamp:3  | Killed a fenstrider witch
 22659 | Swamp:3  | Noticed a lich
 22772 | Swamp:4  | Entered Level 4 of the Swamp
 22806 | Swamp:4  | Reached skill level 10 in Armour
 23375 | Swamp:4  | Noticed a thorn hunter
 23389 | Swamp:4  | Killed a thorn hunter
 23915 | Swamp:4  | Corrupted Swamp:4
 23915 | Swamp:4  | Noticed a lich
 23956 | Swamp:4  | Noticed a tentacled starspawn
 23995 | Swamp:4  | Noticed a fenstrider witch
 24020 | Swamp:4  | Killed a fenstrider witch
 24657 | Swamp:4  | Reached skill level 1 in Ranged Weapons
 25175 | Swamp:4  | Noticed a thorn hunter
 25305 | Swamp:4  | Banished a thorn hunter
 25529 | Swamp:4  | Noticed a thorn hunter
 25531 | Swamp:4  | Banished a thorn hunter
 25692 | Swamp:4  | Got a decaying rune of Zot
 25787 | Lair:2   | Learned a level 2 spell: Wereblood
 25870 | Snake:1  | Entered Level 1 of the Snake Pit
 26935 | Snake:1  | Reached XP level 16. HP: 108/147 MP: 25/25
 27514 | Snake:1  | Reached skill level 15 in Fighting
 27581 | Snake:1  | Noticed Agnes
 27629 | Snake:1  | Banished Agnes
 28641 | D:12     | Reached skill level 5 in Short Blades
 29558 | D:13     | Corrupted D:13
 29558 | D:13     | Slain by a +0 great sword of flaming

Illustrated notes

Levels and vault maps discovered:
D:1:      evilmike_arrival_home_sweet_home, layout_basic,
          hellmonk_ecumenical_altar_inner_sanctum
D:2:      layout_loops_ring, grunt_ministairs_12, minmay_tetromino_i4
D:3:      layout_basic, dancing_weapons_uskayaw, hangedman_decor_points,
          minmay_misc_feat_chi, serial_bayou_pond_e, kennysheep_boxes, uniq_ijyb
D:4:      layout_gridville, minmay_temple_entry_tees, uniq_natasha
D:5:      layout_loops_ring, nemelex_diamond_rough_becter, uniq_sigmund
D:6:      layout_basic, mainiacjoe_overflow_chevrons, nicolae_lava_and_water,
          corexii_leaking_fountain
D:7:      minmay_spotlight, layout_gridville, nicolae_ru_the_path_less_chosen,
          mainiacjoe_overflow_catwalk, kennysheep_okawaru_gauntlet,
          chequers_big_river, minmay_misc_feat_x, kennysheep_crisscross,
          uniq_maggie
D:8:      layout_loops_ring, gammafunk_temple_overflow_pools,
          minmay_misc_feat_rugged, disabler_island, uniq_erica
D:9:      layout_layer_cave, nicolae_overflow_crystal_walls, hiddenorc1_lemuel,
          minmay_fountain_box, uniq_pikel
D:10:     layout_basic, kennysheep_mini, lair_entry_dummy
D:11:     layout_basic, gammafunk_ghost_necromancy, uniq_josephine
D:12:     layout_rooms, serial_co_window_serial, co_window_paths_a,
          co_window_paths_b, co_window_corner_a, co_window_cross_1,
          co_window_corner_a, co_window_2corner, co_window_2corner,
          co_window_cross_4, co_window_sun, co_window_paths_d, glass_columns_a,
          glass_columns_c
D:13:     layout_small_grid, hangedman_vaults_entry_quadrant_bands, pf_eden
Lair:1:   layout_regular_city, grunt_forest_large_clearings,
          serial_bayou_shore_a, serial_bayou_shore_b, serial_bayou_shore_b,
          grunt_megastairs_4, uniq_nergalle
Lair:2:   layout_cave_pods, skrybe_swamp_entry_bodies
Lair:3:   layout_gridlike, minmay_snake_entry_guardpost_medium,
          beast_lair_carwin_6
Lair:4:   layout_roguey, maelrawn_ghost_gauntlet_escape
Lair:5:   hellmonk_lair_end_abyssal_woods, layout_gridlike,
          dpeg_slime_entry_corner, gauntlet_entry_generic,
          infiniplex_staircase_pool
Swamp:1:  layout_basic_swamp, evilmike_swamp_ruin_house_2, swamp_pool1
Swamp:2:  layout_basic_swamp, evilmike_swamp_ruin_house_3
Swamp:3:  layout_falls_marsh, evilmike_swamp_ruin_rubble_1
Swamp:4:  swamp_basic_johnstein, layout_basic_swamp
Snake:1:  layout_cave_shapes, nicolae_snake_scaly_snakehead,
          nicolae_integral_box, uniq_agnes
Orc:1:    layout_caves, nicolae_orc_stony_grotto
Orc:2:    st_orc_elflike, layout_caves, serial_shops, shop, mines5_lemuel

Skill      XL: |  1  2  3  4  5  6  7  8  9 10 11 12 13 14 15 16 |
---------------+-------------------------------------------------+-----
Axes           | 3 4 5 6 8 11 13 14 15 16 18 19 | 19.6
Fighting       | 4 5 6 8 9 10 11 12 13 14 15 | 15.2
Dodging        | 1 2 4 5 6 |  6.4
Invocations    | 3 4 5 6 8 9 10 11 13 | 13.5
Throwing       | 1 2 3 4 5 6 7 |  7.8
Maces & Flails | 1 3 5 6 7 |  7.4
Evocations     | 1 3 4 6 |  6.8
Armour         | 3 4 6 7 8 9 10 | 10.9
Short Blades   | 1 4 5 |  5.1
Ranged Weapons | 2 |  2.3

Action                   |  1- 3 |  4- 6 |  7- 9 | 10-12 | 13-15 | 16-18 || total
-------------------------+-------+-------+-------+-------+-------+-------++-------
Melee: Hand axe          |    66 |       |       |       |       |       ||    66
       Executioner's axe |    36 |    44 |   132 |   319 |   430 |    76 ||  1037
       Punch             |     1 |       |       |       |     6 |       ||     7
       Kick              |       |       |       |     2 |       |       ||     2
       Whip              |       |       |       |       |   152 |       ||   152
       Quick blade       |       |       |       |       |   141 |    34 ||   175
 Fire: Sling             |       |       |       |       |     5 |       ||     5
Throw: Boomerang         |       |    51 |    29 |   184 |   222 |     9 ||   495
       Dart              |       |     7 |    32 |    21 |       |       ||    60
       Javelin           |       |       |    10 |     3 |    51 |    37 ||   101
       Throwing net      |       |       |     1 |       |       |       ||     1
Invok: Depart the Abyss  |     1 |       |       |       |       |       ||     1
       Banish            |       |       |       |     4 |     9 |     3 ||    16
       Bend Space        |       |       |       |       |    13 |     3 ||    16
       Corrupt           |       |       |       |       |     4 |     1 ||     5
Evoke: Wand              |       |     7 |    38 |    47 |    31 |     2 ||   125
       Condenser vane    |       |       |       |     1 |     3 |       ||     4
       Phantom mirror    |       |       |       |       |     2 |       ||     2
  Use: Potion            |     2 |     3 |     6 |     3 |    20 |     4 ||    38
       Scroll            |     1 |     7 |     7 |     8 |    30 |     5 ||    58
 Stab: Paralysed         |       |       |     3 |       |     8 |       ||    11
       Invisible         |       |       |     2 |       |     3 |       ||     5
Armor: Ring mail         |    37 |     1 |       |       |       |       ||    38
       Leather armour    |     2 |       |       |       |       |       ||     2
       Scale mail        |       |     4 |       |       |       |       ||     4
       Chain mail        |       |    11 |    78 |   200 |   131 |       ||   420
       Plate armour      |       |       |       |       |   261 |    38 ||   299
       Swamp dragon scal |       |       |       |       |    37 |       ||    37
Dodge: Dodged            |    58 |    20 |    47 |   126 |   276 |    60 ||   587
       Repelled          |       |       |       |       |     6 |     2 ||     8
Block: Other             |       |       |    14 |    74 |   134 |       ||   222
       Reflection        |       |       |     1 |     6 |     3 |       ||    10
